 Dungeon Crawl Stone Soup version 0.19-a0-1193-g2641e52 (webtiles) character file.

197 4thArraOfDagon the Slasher (level 5, 0/28 HPs)
             Began as a Vine Stalker Berserker on Aug 19, 2016.
             Was a Follower of Trog.
             Slain by an iguana (6 damage)
             ... on level 5 of the Dungeon.
             The game lasted 00:01:31 (285 turns).

4thArraOfDagon the Slasher (Vine Stalker Berserker)  Turns: 285, Time: 00:01:32

Health: 0/28       AC:  6    Str: 21    XL:     5   Next: 75%
Magic:  0/6        EV: 11    Int:  7    God:    Trog [*.....]
Gold:   0          SH:  0    Dex: 13    Spells: 0 memorised, 4 levels left

rFire  . . .     SeeInvis .     a - +0 falchion
rCold  . . .     Gourm    .     h - +0 ring mail
rNeg   . . .     Faith    .     (no shield)
rPois  .         Spirit   +     f - +0 helmet
rElec  .         Dismiss  .     (no cloak)
rCorr  .         Reflect  .     (no gloves)
MR     .....     Harm     .     (no boots)
Stlth  +.........               (no amulet)
                                (no ring)
                                (no ring)

@: lethally poisoned (0 -> -4), exhausted, slowed, very slow
A: fangs 2, regeneration 1, magic shield, antimagic bite, no device heal 3, rot
immunity
a: Berserk, Burn Spellbooks, Renounce Religion


You were on level 5 of the Dungeon.
You worshipped Trog.
Trog was aware of your devotion.
You were very hungry.

You visited 1 branch of the dungeon, and saw 5 of its levels.

Inventory:

Hand Weapons
 a - a +0 falchion (weapon)
Armour
 b - a +0 animal skin
 e - a +0 animal skin
 f - a +0 helmet (worn)
 h - a +0 ring mail (worn)
Wands
 i - a wand of acid (5/15)
Scrolls
 d - a scroll of identify {unknown}
Potions
 g - a potion of brilliance {unknown}
Comestibles
 c - 2 bread rations


   Skills:
 + Level 3.6 Fighting
 * Level 4.4 Long Blades
 + Level 2.7 Armour
 - Level 1.5 Dodging


You had 4 spell levels left.
You didn't know any spells.

Dungeon Overview and Level Annotations

Branches:
Dungeon (5/15)
 Temple: D:4-7

Altars:
Gozag

Shops:
D:5 (


Innate Abilities, Weirdness & Mutations

You have extremely sharp teeth.
Your natural rate of healing is unusually fast.
When hurt, damage is shared between your health and your magic reserves.
Your bite disrupts and absorbs the magic of your enemies.
Potions and wands cannot restore your health.
You are immune to rotting.


Message History

You feel sick.
The worker ant bites you but does no damage.
The iguana completely misses you. The worker ant barely misses you.
You riposte.
You hit the worker ant.
You kill the worker ant!
Trog accepts your kill. The iguana closely misses you.
You riposte.
You hit the iguana but do no damage. You bite the iguana. You drain its power.
You feel invigorated.
The iguana is heavily wounded.
You barely miss the iguana. You bite the iguana. You drain its power.
The iguana is heavily wounded.
You feel sick. The iguana barely misses you.
Unknown command.
You hit the iguana but do no damage. You bite the iguana. You drain its power.
The iguana is severely wounded.
You feel sick. The iguana bites you!
* * * LOW HITPOINT WARNING * * *
The iguana bites you!
You die...

.... ....... ......
..$....
.......###.......
..................
#.........#........
#.........#......##
#...........l......
#..........@†...... ###
#.................
#<#####.................
#....###........#...$...
#.#..#∩'..(.....#.......
#.##.###........#.......
#.#####.........#.......
#.#####.........#.......
#.##............+ ....


You could see an iguana.

Vanquished Creatures
  Menkaure (D:5)
  Terence (D:2)
  A worker ant (D:5)
  Robin (D:2)
  10 goblins (D:2)
  A hobgoblin (D:2)
  A bat (D:2)
  A kobold (D:2)
17 creatures vanquished.

Notes
Turn   | Place    | Note
-------+----------+-------------------------------------------
     0 | D:1      | 4thArraOfDagon the Vine Stalker Berserker began the quest for the Orb.
     0 | D:1      | Reached XP level 1. HP: 11/11 MP: 2/2
    84 | D:2      | Noticed Robin
    89 | D:2      | Reached skill level 3 in Long Blades
    89 | D:2      | Reached XP level 2. HP: 11/16 MP: 1/3
    93 | D:2      | Killed Robin
    97 | D:2      | Reached XP level 3. HP: 11/19 MP: 4/4
   124 | D:2      | Found an opulent altar of Gozag.
   170 | D:2      | Noticed Terence
   177 | D:2      | Killed Terence
   210 | D:5      | Entered Level 5 of the Dungeon
   210 | D:5      | Found Qeigak's Antique Weapon Emporium.
   242 | D:5      | Noticed Menkaure
   256 | D:5      | Killed Menkaure
   256 | D:5      | Reached skill level 4 in Long Blades
   256 | D:5      | Reached XP level 4. HP: 24/24 MP: 5/5
   256 | D:5      | Reached XP level 5. HP: 28/28 MP: 6/6
   285 | D:5      | Slain by an iguana

Vault maps used:
D:1:      dpeg_arrival_water_fire, kennysheep_pointless_box
D:2:      nicolae_gozag_cash_rules_everything_around_me, uniq_terence,
          uniq_jessica, uniq_robin
D:3:      kennysheep_okawaru_gauntlet, dk_noncrumbling_4,
          yredelemnul_altar_generic, uniq_crazy_yiuf_cottage
D:5:      nicolae_dithmenos_shadow_blocks, serial_shops,
          nicolae_shop_window_shopping, first_bread, minmay_hedge_maze,
          uniq_menkaure, uniq_blork_the_orc, uniq_eustachio

Skill      XL: |  1  2  3 |
---------------+----------+-----
Long Blades    | 3 4 |  4.4
Fighting       | 3 |  3.6
Armour         | 2 |  2.7
Dodging        | |  1.5

Action                   |  1- 3 |  4- 6 || total
-------------------------+-------+-------++-------
Melee: Falchion          |    33 |    13 ||    46
       Bite              |     9 |     7 ||    16
Invok: Berserk           |     3 |       ||     3
Armor: Animal skin       |     7 |       ||     7
       Ring mail         |       |     4 ||     4
Dodge: Dodged            |    12 |    10 ||    22
